 Dungeon Crawl Stone Soup version 0.24-a0-381-g637bb3806f (webtiles) character file.

Game seed: 5266760820799999392

112 emperorscorpion the Conjurer (level 4, -1/30 HPs)
             Began as a Demonspawn Conjurer on June 3, 2019.
             Was an Initiate of Ashenzari.
             Killed from afar by an orc wizard (4 damage)
             ... with a puff of flame
             ... on level 3 of the Dungeon.
             The game lasted 00:09:29 (3356 turns).

emperorscorpion the Conjurer (Demonspawn Conjurer)  Turns: 3356, Time: 00:09:31

Health: -1/30      AC:  2    Str: 13    XL:     4   Next: 63%
Magic:  7/8        EV: 12    Int: 17    God:    Ashenzari [......]
Gold:   173        SH:  0    Dex: 14    Spells: 2/8 levels left

rFire    . . .     SeeInvis .   a - +1 dagger (drain)
rCold    . . .     Gourm    .   (no shield)
rNeg     . . .     Faith    .   l - +0 robe
rPois    +         Spirit   .   (no helmet)
rElec    .         Reflect  .   (no cloak)
rCorr    .         Harm     .   (no gloves)
MR       .....                  (no boots)
Stlth    +.........             (no amulet)
HPRegen  0.10/turn              e - ring of poison resistance (curse)
MPRegen  0.11/turn              (no ring)

@: confused, mighty, very slightly contaminated
A: demonic guardian 2, powered by pain 1
a: Curse Item, Renounce Religion


You were on level 3 of the Dungeon.
You worshipped Ashenzari.
Ashenzari was noncommittal.
You were not hungry.

You visited 1 branch of the dungeon, and saw 3 of its levels.

You collected 173 gold pieces.

Inventory:

Hand Weapons
 a - a +1 dagger of draining (weapon)
 b - a +0 hunting sling
 x - a +0 spear
 y - a +0 dagger
Missiles
 q - 42 stones (quivered)
 s - 6 boomerangs
Armour
 k - a +0 leather armour
 l - a +0 robe (worn)
Jewellery
 e - a cursed ring of poison resistance (left hand)
Scrolls
 d - 2 scrolls of remove curse
 f - 2 scrolls of enchant armour {unknown}
 g - a scroll of random uselessness {unknown}
 n - a scroll of immolation {unknown}
 o - a scroll of amnesia {unknown}
 p - 2 scrolls of teleportation {unknown}
 r - 2 scrolls of enchant weapon {unknown}
 w - a scroll of magic mapping {unknown}
Potions
 h - 2 potions of might {unknown}
 i - a potion of flight {unknown}
 j - a potion of brilliance {unknown}
 m - a potion of curing {unknown}
 t - a potion of resistance
 v - a potion of invisibility {unknown}
Comestibles
 c - 3 rations


   Skills:
 + Level 0.1 Fighting
 + Level 0.1 Short Blades
 + Level 1.1 Slings
 + Level 1.9 Dodging
 + Level 2.1 Stealth
 + Level 2.9 Spellcasting
 + Level 5.0 Conjurations


You had 2 spell levels left.
You knew the following spells:

 Your Spells              Type           Power        Failure   Level  Hunger
a - Magic Dart            Conj           ###.         2%          1    #......
b - Iskenderun's Mystic   Conj           ###.....     22%         4    #####..
c - Apportation           Tloc           #.....       19%         1    #......

Your spell library contained the following spells:

 Spells                   Type           Power        Failure   Level  Hunger
 Searing Ray              Conj           ###...       3%          2    ##.....
 Animate Skeleton         Necr           N/A          19%         1    #......
 Confusing Touch          Hex            #.....       19%         1    #......
 Summon Small Mammal      Summ           #...         19%         1    #......
 Dazzling Spray           Conj/Hex       ##....       19%         3    ###....
 Force Lance              Conj/Tloc      ##......     52%         4    #####..
 Fulminant Prism          Conj/Hex       ##........   52%         4    #####..


Dungeon Overview and Level Annotations

Branches:
Dungeon (3/15)

Altars:
Ashenzari
Sif Muna


Innate Abilities, Weirdness & Mutations

A demonic guardian rushes to your aid.
You sometimes gain a little power by taking damage.


Message History

The magic dart hits the orc wizard.
The orc wizard is moderately wounded.
The orc wizard gestures at you while chanting.
The magic dart hits your orange demon.
Your orange demon disappears in a puff of smoke!
The orc wizard casts a spell at you.
You are confused.
You see here a scroll labeled QYOSMU USI ASH.
The orc wizard casts a spell at you. The magic dart hits you!
The orc wizard points at you and mumbles some strange words.
You are more confused.
The orc wizard casts a spell at you. The puff of frost hits you!
* * * LOW HITPOINT WARNING * * *
You focus on the pain.
You feel very mighty all of a sudden.
The orc wizard gestures at you while chanting.
The puff of flame hits you.
You die...

####..# ###(####
##....### #......#
........#
#######(##.#
......#.##..
#oo.###o##.#
.[..........
#§≈≈##..##o#
......#.##..
#...###<##.#
......#.# . #...
#..##.# ......#.#
###'###.....#
........####
#.8@84##.####
#..........#
#.._..#..#
...#....##.#
##...#####
##......##.#####.###
≈###...........#.#.#
≈'.#....##.###.#...#
≈#......##.# #.....#
####.......# #######
#########


You could see 2 orc wizards and a friendly orange demon.

Vanquished Creatures
  4 adders
  An ooze (D:3)
  3 worms
  A dart slug (D:2)
  A leopard gecko (D:1)
  4 orcs
  2 giant cockroaches (D:2)
  7 goblins
  6 hobgoblins
  4 jackals (D:3)
  4 kobolds
  A quokka (D:2)
  6 bats
  6 frilled lizards
  7 rats
57 creatures vanquished.

Notes
Turn   | Place    | Note
-------+----------+-------------------------------------------
     0 | D:1      | emperorscorpion the Demonspawn Conjurer began the quest for
                  | the Orb.
     0 | D:1      | Reached XP level 1. HP: 13/13 MP: 3/3
   629 | D:1      | Gained mutation: You sometimes gain a little power by
                  | taking damage. [demonic ancestry]
   629 | D:1      | Reached XP level 2. HP: 19/19 MP: 0/5
  1270 | D:2      | Gained mutation: A weak demonic guardian rushes to your
                  | aid. [demonic ancestry]
  1270 | D:2      | Reached XP level 3. HP: 23/24 MP: 0/6
  1610 | D:2      | Found a shattered altar of Ashenzari.
  1919 | D:2      | Became a worshipper of Ashenzari the Shackled
  2039 | D:2      | Gained mutation: A demonic guardian rushes to your aid.
                  | [demonic ancestry]
  2039 | D:2      | Reached XP level 4. HP: 30/30 MP: 4/8
  2101 | D:2      | Learned a level 4 spell: Iskenderun's Mystic Blast
  2646 | D:3      | Reached skill level 5 in Conjurations
  3052 | D:3      | Reached skill level 1 in Slings
  3279 | D:3      | Found a deep blue altar of Sif Muna.
  3330 | D:3      | Learned a level 1 spell: Apportation
  3356 | D:3      | Killed from afar by an orc wizard

Levels and vault maps discovered:
D:1:      sevenhm_arrival_forest_fort_small_5, layout_loops_ring,
          minmay_tetromino_i4
D:2:      layout_loops_ring, ashenzari_altar_1, nicolae_overflow_hidden_temple
D:3:      layout_loops_cross, led_sif_book, minmay_misc_feat_ornament,
          minmay_liquid_box

Skill      XL: |  1  2  3  4 |
---------------+-------------+-----
Stealth        | 2 |  2.1
Conjurations   | 5 |  5.0
Slings         | 1 |  1.1
Fighting       | |  0.1
Short Blades   | |  0.1
Dodging        | |  1.9
Spellcasting   | |  2.9

Action                   |  1- 3 |  4- 6 || total
-------------------------+-------+-------++-------
Melee: Unarmed           |     8 |       ||     8
       Dagger            |    14 |    25 ||    39
 Fire: Hunting sling     |     9 |    16 ||    25
 Cast: Magic Dart        |    71 |    39 ||   110
       Iskenderun's Myst |       |     3 ||     3
 Stab: Sleeping          |     1 |     3 ||     4
  Eat: Chunk             |     4 |     5 ||     9
Armor: Robe              |     9 |     4 ||    13
Dodge: Dodged            |    29 |    24 ||    53

Table legend:
 A = Non-vault XP
 B = Vault XP
 C = Vault XP percentage of total XP
 D = Non-vault monster count
 E = Vault monster count
 F = Vault count percentage of total count
                 A         B        C        D         E       F
            +---------+---------+-------+---------+---------+-------
      Total |     156 |       4 |   2.5 |      54 |       3 |   5.3
            +---------+---------+-------+---------+---------+-------
        D:1 |      24 |       4 |  14.3 |      15 |       3 |  16.7
        D:2 |      87 |       0 |   0.0 |      27 |       0 |   0.0
        D:3 |      45 |       0 |   0.0 |      12 |       0 |   0.0
            +---------+---------+-------+---------+---------+-------
